 Dungeon Crawl Stone Soup version 0.31-a0-268-g4392ee761c (webtiles) character file.

Game seed: 10598917768825135885

316 qw the Shooter (level 6, -3/36 HPs)
             Began as a Gargoyle Hexslinger on July 14, 2023.
             Slain by Duvessa
             ... wielding a +0 rapier
              (7 damage)
             ... on level 4 of the Dungeon.
             The game lasted 00:00:52 (2189 turns).

qw the Shooter (Gargoyle Hexslinger)                Turns: 2189, Time: 00:00:53

Health: -3/36      AC: 10    Str: 14    XL:     6   Next: 44%
Magic:  7/7        EV: 11    Int: 12    God:
Gold:   114        SH:  0    Dex: 17    Spells: 6/7 levels left

rFire   . . .        Y - +5 sling (flame)
rCold   . . .        (no shield)
rNeg    + . .        d - +0 ring mail
rPois   inf          (no helmet)
rElec   +            (no cloak)
rCorr   .            (no gloves)
SInv    .            (no boots)
Will    .....        (no amulet)
Stlth   +            (no ring)
HPRegen 0.26/turn    (no ring)
MPRegen 0.10/turn

%: no passive effects
@: no status effects
A: sickness immunity, AC +4, negative energy resistance 1, electricity
resistance, torment resistance 1, petrification resistance, agile 1, strong 1
a: no special abilities


You were on level 4 of the Dungeon.
You visited 1 branch of the dungeon, and saw 4 of its levels.

You collected 114 gold pieces.


Innate Abilities, Weirdness & Mutations

You are immune to sickness and miasma.
Your stone body is resilient. (AC +4)
You are immune to poison.
You resist negative energy. (rN+)
You are resistant to electric shocks. (rElec)
You are resistant to unholy torment.
You are immune to petrification.
You are agile. (Dex +4, Str/Int -1)
Your muscles are strong. (Str +4, Int/Dex -1)


   Skills:
 + Level 2.9 Fighting
 - Level 5.0 Ranged Weapons
 - Level 3.5 Armour
 - Level 1.5 Dodging
 - Level 1.0 Spellcasting
 - Level 2.6 Hexes


You had 6 spell levels left.
You knew the following spells:

 Your Spells              Type           Power      Damage    Failure   Level
a - Slow                  Hex            28%        N/A       21%         1

Your spell library contained the following spells:

 Spells                   Type           Power      Damage    Failure   Level
 Inner Flame              Hex/Fire       3%         N/A       71%         3
 Portal Projectile        Hex/Tloc       6%         N/A       71%         3
 Cause Fear               Hex            3%         N/A       89%         4

Inventory:

Hand Weapons
 Y - a +5 sling of flaming (weapon)
Armour
 d - a +0 ring mail (worn)
Scrolls
 c - a scroll of identify
Potions
 a - a potion of mutation
 f - a potion of curing
 g - a potion of might
 i - a potion of degeneration {unknown}

Dungeon Overview and Level Annotations

Branches:
Dungeon (4/15)
 Temple: D:4-7

Altars:
Zin

Shops:
D:1 *

Annotations:
D:4 Dowan, Duvessa


Message History

You kill the ball python!
Duvessa says, "When magic and the sword combine, nothing stands against them."
Duvessa moves out of view.
You shoot a sling bullet. The sling bullet hits the iguana.
The sling bullet burns the iguana.
The iguana is lightly wounded.
You shoot a sling bullet. The sling bullet hits the iguana.
The sling bullet burns the iguana.
The iguana is heavily wounded.
You shoot a sling bullet.
The sling bullet barely misses the iguana.
You shoot a sling bullet. The sling bullet hits the iguana!
The sling bullet burns the iguana.
You kill the iguana!
Duvessa hits you with a +0 rapier. Duvessa closely misses you.
You shoot a sling bullet. The sling bullet hits Duvessa!
The sling bullet burns Duvessa.
Duvessa is moderately wounded.
Duvessa closely misses you.
You shoot a sling bullet. The sling bullet hits Duvessa.
The sling bullet burns Duvessa.
Duvessa is moderately wounded.
Duvessa hits you with a +0 rapier. Duvessa barely misses you.
Dowan barely misses you.
You shoot a sling bullet.
The sling bullet closely misses Duvessa.
Duvessa barely misses you. Dowan casts a spell at you.
The puff of frost hits you! Duvessa hits you with a +0 rapier.
Dowan hits you with a +3 dagger of protection.
You shoot a sling bullet. The sling bullet hits Duvessa.
The sling bullet burns Duvessa.
Duvessa is heavily wounded.
Duvessa completely misses you. Duvessa barely misses you.
Dowan hits you with a +3 dagger of protection.
You shoot a sling bullet. The sling bullet hits Duvessa.
The sling bullet burns Duvessa.
Duvessa is severely wounded.
Duvessa hits you with a +0 rapier!
You die...

... .. ....$ ... ###
.... ... ....###..
## . ......#.#
.###...
........#####.....#.
.>..........@e## .
......#.#####e.#.
.........####.....
####........#.#.....
###..........#...
####........._. ###
####[#...##. .
##.###............
#..#...#.......#.


You could see Duvessa (fast) and Dowan.

Vanquished Creatures
  Pargi (D:3)
  A hound (D:4)
  An iguana (D:4)
  7 gnolls
  3 adders
  3 worms
  A dart slug (D:1)
  An orc (D:2)
  8 bats
  6 endoplasms
  2 giant cockroaches
  7 goblins
  3 hobgoblins
  3 jackals (D:2)
  10 ball pythons
  3 frilled lizards
  3 kobolds
  7 rats
70 creatures vanquished.

Notes
Turn   | Place    | Note
-------+----------+-------------------------------------------
     0 | D:1      | qw the Gargoyle Hexslinger began the quest for the Orb.
     0 | D:1      | Reached XP level 1. HP: 12/12 MP: 2/2
     0 | D:1      | 0 ||| qw: Version: 0.3-a-52-g30416fa
     0 | D:1      | 0 ||| qw: Game counter: 7948
     0 | D:1      | 0 ||| qw: Melee chars always use a shield: true
     0 | D:1      | 0 ||| qw: God list: Okawaru
     0 | D:1      | 0 ||| qw: Allow faded altars: false
     0 | D:1      | 0 ||| qw: Do Orc after clearing Dungeon:15 true
     0 | D:1      | 0 ||| qw: Do second Lair branch before Depths: true
     0 | D:1      | 0 ||| qw: Lair rune preference: random
     0 | D:1      | 0 ||| qw: Goals: Normal
     0 | D:1      | 0 ||| PLANNING D:1-11
    79 | D:1      | Reached XP level 2. HP: 16/16 MP: 3/3
    86 | D:1      | Found a faded altar of an unknown god.
   153 | D:1      | 153 ||| SWAPPING to +3 sling.
   154 | D:1      | 154 ||| DROPPING +1 sling.
   186 | D:1      | Found Zuif's General Store.
   195 | D:1      | 195 ||| SHOPLISTING potion of curing (30 gold, have 19).
   195 | D:1      | 195 ||| SHOPLISTING potion of enlightenment (50 gold, have
                  | 19).
   195 | D:1      | 195 ||| SHOPLISTING scroll of teleportation (30 gold, have
                  | 19).
   313 | D:1      | Reached skill level 3 in Ranged Weapons
   515 | D:1      | Reached XP level 3. HP: 21/21 MP: 4/4
   539 | D:1      | 539 ||| UPGRADING to +0 ring mail.
   549 | D:1      | 549 ||| DROPPING +0 robe.
   550 | D:1      | 550 ||| READING 2 scrolls labelled ANUSSEDWUO.
   551 | D:1      | 551 ||| READING scroll of enchant weapon.
   551 | D:1      | 551 ||| ENCHANTING +4 sling.
   552 | D:1      | 552 ||| READING scroll labelled JURHUC QAGHENE.
   553 | D:1      | 553 ||| DRINKING 2 fuming coppery potions.
   553 | D:1      | Gained mutation: You are agile. (Dex +4, Str/Int -1)
                  | [potion of mutation]
   553 | D:1      | Gained mutation: Your muscles are strong. (Str +4, Int/Dex
                  | -1) [potion of mutation]
   554 | D:1      | 554 ||| DROPPING scroll of poison.
  1018 | D:2      | Reached XP level 4. HP: 26/26 MP: 5/5
  1154 | D:2      | 1154 ||| READING scroll labelled DEVETA SOPTA.
  1155 | D:2      | 1155 ||| DRINKING 2 fizzy cyan potions.
  1298 | D:3      | Reached skill level 4 in Ranged Weapons
  1416 | D:3      | Noticed Pargi
  1425 | D:3      | HP: 6/26 [Pargi (3)]
  1429 | D:3      | Killed Pargi
  1430 | D:3      | Reached skill level 3 in Armour
  1430 | D:3      | Reached XP level 5. HP: 4/30 MP: 6/6
  2025 | D:3      | 2025 ||| DROPPING scarf of harm.
  2026 | D:3      | 2026 ||| DRINKING 3 yellow potions.
  2033 | D:3      | 2033 ||| DRINKING 2 grey potions.
  2034 | D:3      | 2034 ||| READING 3 scrolls of identify.
  2034 | D:3      | 2034 ||| IDENTIFYING orange potion
  2035 | D:3      | 2035 ||| READING 2 scrolls of identify.
  2035 | D:3      | 2035 ||| IDENTIFYING fizzy dark potion
  2036 | D:3      | 2036 ||| DROPPING potion of brilliance.
  2037 | D:3      | 2037 ||| DROPPING 2 potions of ambrosia.
  2038 | D:3      | 2038 ||| DROPPING potion of attraction.
  2059 | D:4      | 2059 ||| PLANNING OSSUARY
  2066 | D:4      | 2066 ||| STAIRDANCE
  2080 | D:4      | 2080 ||| STAIRDANCE
  2083 | D:3      | Reached XP level 6. HP: 28/35 MP: 7/7
  2130 | D:4      | Reached skill level 5 in Ranged Weapons
  2177 | D:4      | Found a glowing silver altar of Zin.
  2178 | D:4      | Noticed Dowan
  2180 | D:4      | Noticed Duvessa
  2188 | D:4      | HP: 4/36 [Dowan/+3 dagger of protection (6)]
  2189 | D:4      | Slain by Duvessa

Levels and vault maps discovered:
D:1:      dpeg_arrival_subterranean_lakeside_camping, layout_basic,
          basic_ecumenical_altar, serial_shops, shop, nrook_loot_triangle
D:2:      layout_loops_ring
D:3:      layout_loops_ring, uniq_pargi
D:4:      layout_rooms, amcnicky_altar_gilded, mainiacjoe_overflow_boulevard,
          mainiacjoe_overflow_alcove_1, chequers_temple_overflow_minitemple,
          enter_ossuary_2, uniq_eustachio, uniq_duvessa, uniq_crazy_yiuf_cottage

Skill      XL: |  1  2  3  4  5  6 |
---------------+-------------------+-----
Ranged Weapons | 3 4 5 |  5.0
Fighting       | 2 |  2.9
Armour         | 3 |  3.5
Dodging        | |  1.5
Spellcasting   | |  1.0
Hexes          | |  2.6

Action                     |  1- 3 |  4- 6 || total
---------------------------+-------+-------++-------
   Fire: Sling             |    88 |    92 ||   180
    Use: Scroll            |     3 |     3 ||     6
         Potion            |     1 |     3 ||     4
 Armour: Robe              |     4 |       ||     4
         Ring mail         |     7 |    19 ||    26
  Dodge: Dodged            |     7 |    53 ||    60

Table legend:
 A = Non-vault XP
 B = Vault XP
 C = Vault XP percentage of total XP
 D = Non-vault monster count
 E = Vault monster count
 F = Vault count percentage of total count
                 A         B        C        D         E       F
            +---------+---------+-------+---------+---------+-------
      Total |     309 |     143 |  31.6 |      63 |       7 |  10.0
            +---------+---------+-------+---------+---------+-------
        D:1 |      28 |       7 |  20.0 |      16 |       6 |  27.3
        D:2 |      47 |       0 |   0.0 |      19 |       0 |   0.0
        D:3 |     124 |     136 |  52.3 |      21 |       1 |   4.5
        D:4 |     110 |       0 |   0.0 |       7 |       0 |   0.0
            +---------+---------+-------+---------+---------+-------
